AoeStats
← TheBrian

Arabia

510624785Analyzed
1v1 RM · 18h ago on Oct 1, 2026· 49m 45s· 2 players
Game mode
Random Map
Map size
Tiny (2 player)
Population
200
Speed
Normal
Resources
Standard
Victory
Conquest
Starting age
Dark Age
Ending age
Imperial Age
RankedLock teamsTeams togetherTeam positionsShared explorationLock speedFull tech treeHidden civsTurbo modeCheats
Victory
Defeat
🇨🇱 Chinese · Chile
1369
+15
🇵🇦 Huns · Panama
1347
-15
TheBrian
5:55 Loom
8:54 Feudal Age
10:06 Double-Bit Axe
13:56 Gold Mining
14:51 Horse Collar
19:45 Fletching
19:56 Padded Archer Armor
23:38 Castle Age
24:21 Bodkin Arrow
24:42 Leather Archer Armor
26:45 Elite Skirmisher
32:42 Gold Shaft Mining
33:40 Bow Saw
37:41 Wheelbarrow
37:13 Heavy Plow
40:59 Ballistics
45:23 Imperial Age
43:43 Stone Mining
44:17 Husbandry
45:53 Hand Cart
46:44 Parthian Tactics
45:59 Capped Ram
47:00 Bracer
47:14 Bloodlines
46:25 Light Cavalry
48:57 Chemistry
sDKK´
0:25 Loom
10:19 Feudal Age
11:12 Double-Bit Axe
15:39 Fletching
18:51 Padded Archer Armor
20:43 Horse Collar
24:50 Castle Age
25:15 Crossbowman
27:35 Husbandry
27:46 Bloodlines
27:50 Thumb Ring
29:06 Scale Barding Armor
32:46 Forging
33:31 Ballistics
35:10 Elite Skirmisher
37:44 Bodkin Arrow
38:04 Leather Archer Armor
37:51 Scale Mail Armor
39:46 Iron Casting
43:57 Imperial Age
44:32 Wheelbarrow
43:23 Light Cavalry
45:43 Chemistry
45:09 Arbalester
48:39 Ring Archer Armor
Connection lost

Rejoining the realm…

Still unreachable

The connection could not be restored.

Session expired

The server has moved on; the page needs a fresh start.